 Dungeon Crawl Stone Soup version 0.22.1-2-g9c5b331383 (webtiles) character file.

44 Gunterle the Grave Robber (level 3, -1/33 HPs)
             Began as an Ogre Necromancer on Dec 13, 2018.
             Slain by Robin
             ... wielding a +4 spear of piercing
              (2 damage)
             ... on level 2 of the Dungeon.
             The game lasted 00:09:06 (2372 turns).

Gunterle the Grave Robber (Ogre Necromancer)        Turns: 2372, Time: 00:09:07

Health: -1/33      AC:  3    Str: 12    XL:     3   Next: 62%
Magic:  0/7        EV: 10    Int: 17    God:
Gold:   61         SH:  0    Dex:  9    Spells: 0/8 levels left

rFire    . . .     SeeInvis .   g - +0 whip
rCold    . . .     Gourm    .   (no shield)
rNeg     . . .     Faith    .   a - +0 robe
rPois    .         Spirit   .   d - +0 hat
rElec    .         Reflect  .   (no cloak)
rCorr    .         Harm     .   (gloves unavailable)
MR       .....                  (boots unavailable)
Stlth    +.........             (no amulet)
HPRegen  0.11/turn              (no ring)
MPRegen  0.10/turn              (no ring)

@: no status effects
A: large, unfitting armour, tough skin 1
a: no special abilities


You were on level 2 of the Dungeon.
You were hungry.

You visited 1 branch of the dungeon, and saw 2 of its levels.

You collected 61 gold pieces.

Inventory:

Hand Weapons
 g - a +0 whip (weapon)
 p - a +0 hunting sling
Missiles
 h - 129 stones (quivered)
 k - 33 arrows
 m - 14 bolts
 o - 28 sling bullets
Armour
 a - a +0 robe (worn)
 d - a +0 hat (worn)
Scrolls
 b - 2 scrolls of remove curse {unknown}
 e - 2 scrolls of identify {unknown}
 i - a scroll of magic mapping {unknown}
 n - a scroll of teleportation {unknown}
Potions
 f - a potion of resistance {unknown}
 j - a potion of might {unknown}
 l - a potion of brilliance {unknown}
Comestibles
 c - 3 rations
 q - a chunk of flesh


   Skills:
 + Level 1.3 Fighting
 - Level 1.7 Dodging
 - Level 1.4 Stealth
 + Level 3.1 Spellcasting
 * Level 4.3 Necromancy


You couldn't memorise any spells.
You knew the following spells:

 Your Spells              Type           Power        Failure   Level  Hunger
a - Pain                  Necr           ###.         3%          1    None
b - Animate Skeleton      Necr           N/A          3%          1    None
c - Vampiric Draining     Necr           ###.......   9%          3    ###....
d - Regeneration          Chrm/Necr      #.........   22%         3    ###....

Your spell library contained the following spells:

 Spells                   Type           Power        Failure   Level  Hunger
 Animate Dead             Necr           N/A          28%         4    ####...


Dungeon Overview and Level Annotations

Branches:
Dungeon (2/15)

Altars:

Annotations:
D:2 Robin


Innate Abilities, Weirdness & Mutations

You are too large for most types of armour.
You have tough skin. (AC +1)


Message History

Confirm with . or Enter, or press ? or * to list all spells.
Aiming: Pain (safe; 3% risk of failure)
Press: ? - help, Shift-Dir - straight line, f/p - Robin
Aim: Robin, wielding a spear of piercing, wearing an animal skin and wearing a Robin barely resists.
Robin barely misses you.
Casting: Pain (safe; 3% risk of failure)
Confirm with . or Enter, or press ? or * to list all spells.
Aiming: Pain (safe; 3% risk of failure)
Press: ? - help, Shift-Dir - straight line, f/p - Robin
Aim: Robin, wielding a spear of piercing, wearing an animal skin and wearing a Robin writhes in agony!
Robin hits you from afar with a spear of piercing.
* * * LOW HITPOINT WARNING * * *
x2
Casting: Pain (safe; 3% risk of failure)
Confirm with . or Enter, or press ? or * to list all spells.
You don't have enough magic to cast that spell.
Unknown command.
Robin hits you from afar with a spear of piercing.
* * * LOW HITPOINT WARNING * * *
You die... . # .gg

### ...
.....#@###..#
.)....).(....#
.....g#.####.#
......#..
..#'# ### ....
... ##


You could see Robin.

Vanquished Creatures
  An ooze (D:1)
  A dart slug (D:1)
  2 leopard geckos (D:1)
  A ball python (D:1)
  2 giant cockroaches (D:1)
  12 goblins
  A hobgoblin (D:1)
  A quokka (D:2)
  3 bats (D:1)
  A frilled lizard (D:1)
  3 kobolds (D:1)
  A rat (D:1)
29 creatures vanquished.

Vanquished Creatures (collateral kills)
  2 goblins (D:1)
  A hobgoblin (D:1)
  A kobold (D:1)
4 creatures vanquished.

Grand Total: 33 creatures vanquished

Notes
Turn   | Place    | Note
-------+----------+-------------------------------------------
     0 | D:1      | Gunterle the Ogre Necromancer began the quest for the Orb.
     0 | D:1      | Reached XP level 1. HP: 16/16 MP: 3/3
   187 | D:1      | Reached XP level 2. HP: 12/24 MP: 0/5
   346 | D:1      | Learned a level 1 spell: Animate Skeleton
   376 | D:1      | Reached skill level 4 in Necromancy
  1043 | D:1      | Reached XP level 3. HP: 31/32 MP: 4/7
  1205 | D:1      | Reached skill level 1 in Fighting
  1509 | D:2      | Noticed Robin
  1527 | D:1      | Learned a level 3 spell: Vampiric Draining
  1531 | D:1      | Learned a level 3 spell: Regeneration
  1862 | D:2      | HP: 1/33 [Robin/spear of piercing (1)]
  2372 | D:2      | HP: 1/33 [Robin/spear of piercing (5)]
  2372 | D:2      | Slain by Robin

Skill      XL: |  1  2  3 |
---------------+----------+-----
Necromancy     | 4 |  4.3
Fighting       | 1 |  1.3
Spellcasting   | 3 |  3.1
Dodging        | |  1.7
Stealth        | |  1.4

Action                   || total
-------------------------++-------
Melee: Whip              ||    16
 Cast: Pain              ||    60
       Animate Skeleton  ||    13
  Eat: Chunk             ||     4
Armor: Robe              ||    23
Dodge: Dodged            ||    45
